 Dungeon Crawl Stone Soup version 0.24.0-125-gc4c63601f3 (webtiles) character file.

Game seed: 14823892861646124626, levelgen mode: deterministic

54 Peloso the Shield-Bearer (level 3, 0/33 HPs)
             Began as a Minotaur Fighter on Mar 5, 2020.
             Slain by a gnoll
             ... wielding a +0 flail
              (5 damage)
             ... on level 2 of the Dungeon.
             The game lasted 00:01:47 (799 turns).

Peloso the Shield-Bearer (Minotaur Fighter)          Turns: 799, Time: 00:01:48

Health: 0/33       AC:  7    Str: 18 (20) XL:     3   Next: 66%
Magic:  2/2        EV:  7    Int:  2 (5)  God:
Gold:   48         SH:  9    Dex:  7 (10) Spells: 2/2 levels left

rFire    . . .     SeeInvis .   a - +0 long sword
rCold    . . .     Gourm    .   c - +0 shield
rNeg     . . .     Faith    .   b - +0 scale mail
rPois    .         Spirit   .   (helmet restricted)
rElec    .         Reflect  .   (no cloak)
rCorr    .         Harm     .   (no gloves)
MR       .....                  (no boots)
Stlth    ..........             (no amulet)
HPRegen  0.11/turn              (no ring)
MPRegen  0.08/turn              (no ring)

@: no status effects
A: retaliatory headbutt, horns 2
a: no special abilities


You were on level 2 of the Dungeon.
You were not hungry.

You visited 1 branch of the dungeon, and saw 2 of its levels.

You collected 48 gold pieces.

Inventory:

Hand Weapons
 a - a +0 long sword (weapon)
Armour
 b - a +0 scale mail (worn)
 c - a +0 shield (worn)
Scrolls
 e - a scroll of teleportation {unknown}
 g - a scroll of identify {unknown}
 i - 2 scrolls of remove curse {unknown}
Potions
 d - a potion of might
Comestibles
 f - 2 rations


   Skills:
 + Level 4.0 Fighting
 + Level 2.8 Long Blades
 + Level 4.2 Armour
 + Level 1.3 Dodging
 + Level 4.2 Shields


You had 2 spell levels left.
You didn't know any spells.
Your spell library was empty.

Dungeon Overview and Level Annotations

Branches:
Dungeon (2/15)

Altars:


Innate Abilities, Weirdness & Mutations

You reflexively headbutt those who attack you in melee.
You have a pair of horns on your head.


Message History

The gnoll is heavily wounded.
The gnoll barely misses you.
You riposte.
You barely miss the gnoll.
The gnoll is heavily wounded.
Unknown command.
You hit the gnoll.
The gnoll is heavily wounded.
You block the gnoll's attack. The gnoll hits you.
* * * LOW HITPOINT WARNING * * *
You barely miss the gnoll.
The gnoll is heavily wounded.
The gnoll hits you but does no damage.
You hit the gnoll but do no damage.
The gnoll is heavily wounded.
The gnoll barely misses you.
You riposte.
You slash the gnoll!
You kill the gnoll!
Your Dodging skill increases to level 1!
Your shield prevents you from hitting the gnoll.
The gnoll is severely wounded.
The gnoll hits you with a +0 flail.
You die...

#.###.#.#....#
#. ##.....#..#
#.....#......#
###..#....#....#
.....#..#.#.####
.#.#..#.#.###
.......#...#
#####.#.###.###
#.......gg@.#
.####..#####
........#
#.#####g. .>.g
..... .....g.
......<#
........#


You could see 2 gnolls.

Vanquished Creatures
  A gnoll (D:2)
  2 adders (D:2)
  3 giant cockroaches
  4 goblins (D:1)
  3 hobgoblins (D:1)
  3 kobolds (D:1)
  4 bats (D:1)
  6 frilled lizards (D:1)
  2 rats (D:1)
28 creatures vanquished.

Notes
Turn   | Place    | Note
-------+----------+-------------------------------------------
     0 | D:1      | Peloso the Minotaur Fighter began the quest for the Orb.
     0 | D:1      | Reached XP level 1. HP: 19/19 MP: 0/0
     2 | D:1      | Noticed an elf
     2 | D:1      | Noticed a gargoyle
     4 | D:1      | Noticed a centaur
     4 | D:1      | Noticed a ghoul
     6 | D:1      | Noticed a vine stalker
     8 | D:1      | Noticed a minotaur
     8 | D:1      | Noticed a human
    10 | D:1      | Noticed an octopode
    13 | D:1      | Noticed an ogre
    13 | D:1      | Noticed a vampire
    15 | D:1      | Noticed a troll
    17 | D:1      | Noticed a spriggan
    17 | D:1      | Noticed a naga
    19 | D:1      | Noticed a tengu
    19 | D:1      | Noticed a merfolk
    21 | D:1      | Noticed a halfling
    21 | D:1      | Noticed a felid
    23 | D:1      | Noticed a dwarf
    25 | D:1      | Noticed a draconian
    25 | D:1      | Noticed a demigod
    27 | D:1      | Noticed a demonspawn
    27 | D:1      | Noticed a formicid
    79 | D:1      | Reached XP level 2. HP: 17/27 MP: 1/1
   744 | D:2      | Reached XP level 3. HP: 23/33 MP: 2/2
   798 | D:2      | Reached skill level 1 in Dodging
   799 | D:2      | Slain by a gnoll

Levels and vault maps discovered:
D:1:      kb_arrival_jail, layout_loops_ring, minmay_lizard_pond
D:2:      layout_basic, grunt_temple_overflow_opulence, uniq_sigmund

Skill      XL: |  1  2  3 |
---------------+----------+-----
Shields        | 4 |  4.2
Armour         | 4 |  4.2
Fighting       | 4 |  4.0
Dodging        | 1 |  1.3
Long Blades    | |  2.8

Action                   || total
-------------------------++-------
Melee: Long sword        ||    86
       Headbutt          ||     7
  Use: Potion            ||     1
Armor: Scale mail        ||    42
Dodge: Dodged            ||    38
Block: Shield            ||    48
       Rpst.: Long sword ||    11
